 Dungeon Crawl Stone Soup version 0.31.0-9-g3a7656b989 (webtiles) character file.

Game seed: 10102651262054714910

562 qw the Shooter (level 7, -4/35 HPs)
             Began as a Spriggan Hunter on Feb 2, 2024.
             Slain by Dowan
             ... wielding a +0 dagger
              (6 damage)
             ... on level 5 of the Dungeon.
             The game lasted 00:00:13 (3262 turns).

qw the Shooter (Spriggan Hunter)                    Turns: 3262, Time: 00:00:13

Health: -4/35      AC:  6    Str:  2    XL:     7   Next: 10%
Magic:  17/17      EV: 21    Int: 11    God:
Gold:   163        SH:  0    Dex: 20    Spells: 6/6 levels left

rFire   . . .        a - +0 shortbow (flame)
rCold   . . .        (shield currently unavailable)
rNeg    . . .        c - +0 robe
rPois   +            (helmet restricted)
rElec   .            (no cloak)
rCorr   .            (gloves unavailable)
SInv    +            (boots unavailable)
Will    +....        h - amulet of faith
Stlth   ++           d - ring of Acrokkel {rPois MP+9 AC+4 Str-5}
HPRegen 0.25/turn    (no ring)
MPRegen 0.15/turn

%: faith
@: very quick
A: very small, no large weapons, unfitting armour, see invisible, speed 3
a: no special abilities


You were on level 5 of the Dungeon.
You visited 1 branch of the dungeon, and saw 5 of its levels.

You collected 163 gold pieces.


Innate Abilities, Weirdness & Mutations

You are very small and have problems with some larger weapons.
You are too small for most types of armour.
You have supernaturally acute eyesight. (SInv)
You cover ground extremely quickly. (Speed+++)


   Skills:
 - Level 2.0 Fighting
 - Level 7.3 Ranged Weapons
 + Level 6.2 Dodging
 - Level 1.5 Stealth


You had 6 spell levels left.
You didn't know any spells.
Your spell library was empty.

Inventory:

Hand Weapons
 a - a +0 shortbow of flaming (weapon)
Armour
 c - a +0 robe (worn)
Jewellery
 d - the ring of Acrokkel (left hand) {rPois MP+9 AC+4 Str-5}
   (You found it on level 4 of the Dungeon)

   [ring of protection]

   AC+4:      It affects your AC (+4).
   Str-5:     It affects your strength (-5).
   rPois:     It protects you from poison MP+9: It affects your magic capacity
   (+9).
 h - an amulet of faith (around neck)
Wands
 l - a wand of mindburst (7)
Potions
 b - a potion of curing
 g - a potion of invisibility {unknown}
 i - a potion of lignification {unknown}

Dungeon Overview and Level Annotations

Branches:
Dungeon (5/15)
 Temple: D:4-7

Altars:
Sif Muna

Annotations:
D:5 Dowan


Message History

Aiming: Mindburst
Press: ? - help, Q - select action, (/) - cycle Shift-Dir - straight line, f/p - Duvessa Duvessa's mind is blasted!!
Duvessa misses you. Dowan misses you.
3257 ||| ZAPPING wand of mindburst (12) at -1,0 (Duvessa; floor).
Aiming: Mindburst
Press: ? - help, Q - select action, (/) - cycle Shift-Dir - straight line, f/p - Duvessa Duvessa resists with some effort.
Duvessa barely misses you. Dowan gestures at you while chanting.
The puff of frost hits you but does no damage.
3258 ||| ZAPPING wand of mindburst (11) at -1,0 (Duvessa; floor).
Aiming: Mindburst
Press: ? - help, Q - select action, (/) - cycle Shift-Dir - straight line, f/p - Duvessa Duvessa resists with some effort.
Duvessa closely misses you. Dowan hits you with a +0 dagger.
3259 ||| ZAPPING wand of mindburst (10) at -1,0 (Duvessa; floor).
Aiming: Mindburst
Press: ? - help, Q - select action, (/) - cycle Shift-Dir - straight line, f/p - Duvessa Duvessa resists with some effort.
Duvessa closely misses you. Dowan completely misses you.
3260 ||| ZAPPING wand of mindburst (9) at -1,0 (Duvessa; floor).
Aiming: Mindburst
Press: ? - help, Q - select action, (/) - cycle Shift-Dir - straight line, f/p - Duvessa Duvessa resists with some effort.
Duvessa hits you with a +0 rapier. Dowan completely misses you.
3261 ||| ZAPPING wand of mindburst (8) at -1,0 (Duvessa; floor).
Aiming: Mindburst
Press: ? - help, Q - select action, (/) - cycle Shift-Dir - straight line, f/p - Duvessa Duvessa's mind is blasted!
You blow up Duvessa!
Dowan screams, "No!
Oh no!"
Dowan seems to find hidden reserves of power!
Dowan misses you.
Your Ranged Weapons skill increases to level 7!
You have reached level 7!
You shoot an arrow. The arrow hits Dowan.
The arrow burns Dowan.
Dowan is lightly wounded.
Dowan barely misses you. Dowan hits you with a +0 dagger.
You die...

# ##.#.
.....>###
#..)@#
#.....e..#
#........#
#..$.....#
#........#
#........#
#........#
#!........


You could see Dowan (fast).

Vanquished Creatures
  Duvessa (D:5)
  A sky beast (D:3)
  A bombardier beetle (D:4)
  A hound (D:3)
  A sleepcap (D:4)
  Natasha (thrice) (D:4)
  An iguana (D:4)
  An orc wizard (D:3)
  Robin (D:2)
  3 gnolls (D:3)
  2 adders
  A dart slug (D:2)
  3 orcs (D:3)
  4 ball pythons
  8 bats
  8 endoplasms
  4 giant cockroaches
  11 goblins
  15 hobgoblins
  4 quokkas
  4 frilled lizards
  6 kobolds
  6 rats
90 creatures vanquished.

Notes
Turn   | Place    | Note
-------+----------+-------------------------------------------
     0 | D:1      | qw the Spriggan Hunter began the quest for the Orb.
     0 | D:1      | Reached XP level 1. HP: 10/10 MP: 2/2
     0 | D:1      | 0 ||| qw: Version: 0.3-a-155-g5e7d8dd
     0 | D:1      | 0 ||| qw: Game counter: 846
     0 | D:1      | 0 ||| qw: Melee chars always use a shield: true
     0 | D:1      | 0 ||| qw: God list: Okawaru
     0 | D:1      | 0 ||| qw: Allow faded altars: false
     0 | D:1      | 0 ||| qw: Do Orc after clearing Dungeon:15 true
     0 | D:1      | 0 ||| qw: Do second Lair branch before Depths: true
     0 | D:1      | 0 ||| qw: Lair rune preference: random
     0 | D:1      | 0 ||| qw: Goals: Normal
     0 | D:1      | 0 ||| PLANNING D:1-11
    38 | D:1      | Reached skill level 3 in Dodging
    88 | D:1      | Reached XP level 2. HP: 14/14 MP: 3/3
   445 | D:1      | 445 ||| READING 2 scrolls labelled IPLIYC PIPNUJ.
   445 | D:1      | 445 ||| IDENTIFYING black potion
   446 | D:1      | 446 ||| DROPPING scroll of butterflies.
   854 | D:1      | 854 ||| READING scroll of identify.
   854 | D:1      | 854 ||| IDENTIFYING fizzy coppery potion
   855 | D:1      | 855 ||| READING scroll labelled INNUSU JIAG.
   855 | D:1      | 855 ||| BRANDING +0 shortbow.
   959 | D:2      | Reached XP level 3. HP: 18/18 MP: 4/4
  1017 | D:2      | Noticed Robin
  1036 | D:2      | Killed Robin
  1336 | D:2      | Reached skill level 5 in Ranged Weapons
  1581 | D:2      | 1581 ||| READING 2 scrolls labelled QIETRA SAODUUWK.
  1582 | D:2      | 1582 ||| DROPPING scroll of fear.
  1650 | D:3      | Reached XP level 4. HP: 22/22 MP: 5/5
  1651 | D:3      | 1651 ||| FLEEEEING.
  1652 | D:3      | 1652 ||| FLEEEEING.
  1653 | D:3      | 1653 ||| FLEEEEING.
  1654 | D:3      | 1654 ||| FLEEEEING.
  1655 | D:3      | 1655 ||| FLEEEEING.
  1656 | D:3      | 1656 ||| FLEEEEING.
  1659 | D:3      | 1659 ||| FLEEEEING.
  1660 | D:3      | 1660 ||| FLEEEEING.
  1668 | D:3      | HP: 5/22 [gnoll/+0 flail (7)]
  1669 | D:3      | 1669 ||| DRINKING potion of heal wounds.
  1946 | D:3      | Noticed a sky beast
  1947 | D:3      | 1947 ||| RETREEEEATING.
  1949 | D:3      | 1949 ||| RETREEEEATING.
  1951 | D:3      | 1951 ||| RETREEEEATING.
  1957 | D:3      | Reached XP level 5. HP: 25/26 MP: 6/6
  1966 | D:3      | Killed a sky beast
  1967 | D:3      | Reached skill level 6 in Ranged Weapons
  2269 | D:3      | Reached XP level 6. HP: 27/30 MP: 7/7
  2406 | D:3      | 2406 ||| READING scroll of identify.
  2406 | D:3      | 2406 ||| IDENTIFYING blue potion
  2407 | D:3      | 2407 ||| READING 3 scrolls labelled VAOFETO YHUOCA.
  2408 | D:3      | 2408 ||| READING scroll labelled KEIP KEMPUCAKK.
  2412 | D:3      | 2412 ||| DROPPING potion of degeneration.
  2413 | D:3      | 2413 ||| DROPPING 2 scrolls of fog.
  2608 | D:4      | Reached skill level 6 in Dodging
  2693 | D:4      | Noticed Natasha
  2704 | D:4      | Killed Natasha
  2762 | D:4      | Identified the ring of Acrokkel {rPois MP+9 AC+4 Str-5}
  2807 | D:4      | 2807 ||| READING scroll of brand weapon.
  2807 | D:4      | 2807 ||| BRANDING +0 shortbow of electrocution.
  2820 | D:4      | Found a shimmering blue altar of Sif Muna.
  2843 | D:4      | Noticed Natasha
  2848 | D:4      | Killed Natasha
  2920 | D:4      | Noticed Natasha
  2923 | D:4      | Killed Natasha
  3024 | D:4      | 3024 ||| UPGRADING to amulet of faith.
  3029 | D:4      | 3029 ||| UPGRADING to ring of Acrokkel {rPois MP+9 AC+4
                  | Str-5}.
  3090 | D:4      | 3090 ||| READING scroll of identify.
  3090 | D:4      | 3090 ||| IDENTIFYING emerald potion
  3091 | D:4      | 3091 ||| READING 2 scrolls labelled QOMAFR DOCKI.
  3092 | D:4      | 3092 ||| DROPPING potion of brilliance.
  3093 | D:4      | 3093 ||| DROPPING scroll of poison.
  3111 | D:5      | Entered Level 5 of the Dungeon
  3111 | D:5      | Noticed Duvessa
  3111 | D:5      | Noticed Dowan
  3112 | D:5      | 3112 ||| ZAPPING wand of flame (16) at -2,0 (Duvessa;
                  | floor).
  3113 | D:5      | 3113 ||| STAIRDANCE
  3153 | D:5      | 3153 ||| ZAPPING wand of flame (15) at 1,1 (Duvessa;
                  | floor).
  3154 | D:5      | 3154 ||| STAIRDANCE
  3158 | D:5      | 3158 ||| STAIRDANCE
  3202 | D:5      | 3202 ||| STAIRDANCE
  3241 | D:5      | 3241 ||| ZAPPING wand of flame (14) at -1,0 (Duvessa;
                  | floor).
  3242 | D:5      | 3242 ||| ZAPPING wand of flame (13) at -1,0 (Duvessa;
                  | floor).
  3243 | D:5      | 3243 ||| ZAPPING wand of flame (12) at -1,0 (Duvessa;
                  | floor).
  3244 | D:5      | 3244 ||| ZAPPING wand of flame (11) at -1,0 (Duvessa;
                  | floor).
  3245 | D:5      | 3245 ||| ZAPPING wand of flame (10) at -1,0 (Duvessa;
                  | floor).
  3246 | D:5      | 3246 ||| ZAPPING wand of flame (9) at -1,0 (Duvessa;
                  | floor).
  3247 | D:5      | 3247 ||| ZAPPING wand of flame (8) at -1,0 (Duvessa;
                  | floor).
  3248 | D:5      | 3248 ||| ZAPPING wand of flame (7) at -1,0 (Duvessa;
                  | floor).
  3249 | D:5      | 3249 ||| ZAPPING wand of flame (6) at -1,0 (Duvessa;
                  | floor).
  3250 | D:5      | 3250 ||| ZAPPING wand of flame (5) at -1,0 (Duvessa;
                  | floor).
  3250 | D:5      | HP: 6/30 [Duvessa/+0 rapier (4)]
  3251 | D:5      | 3251 ||| ZAPPING wand of flame (4) at -1,0 (Duvessa;
                  | floor).
  3252 | D:5      | 3252 ||| ZAPPING wand of flame (3) at -1,0 (Duvessa;
                  | floor).
  3253 | D:5      | 3253 ||| ZAPPING wand of flame (2) at -1,0 (Duvessa;
                  | floor).
  3254 | D:5      | 3254 ||| ZAPPING wand of flame (1) at -1,0 (Duvessa;
                  | floor).
  3255 | D:5      | 3255 ||| ZAPPING wand of mindburst (14) at -1,0 (Duvessa;
                  | floor).
  3256 | D:5      | 3256 ||| ZAPPING wand of mindburst (13) at -1,0 (Duvessa;
                  | floor).
  3257 | D:5      | 3257 ||| ZAPPING wand of mindburst (12) at -1,0 (Duvessa;
                  | floor).
  3258 | D:5      | 3258 ||| ZAPPING wand of mindburst (11) at -1,0 (Duvessa;
                  | floor).
  3258 | D:5      | HP: 7/30 [Dowan/+0 dagger (1)]
  3259 | D:5      | 3259 ||| ZAPPING wand of mindburst (10) at -1,0 (Duvessa;
                  | floor).
  3260 | D:5      | 3260 ||| ZAPPING wand of mindburst (9) at -1,0 (Duvessa;
                  | floor).
  3260 | D:5      | HP: 1/30 [Duvessa/+0 rapier (6)]
  3261 | D:5      | 3261 ||| ZAPPING wand of mindburst (8) at -1,0 (Duvessa;
                  | floor).
  3261 | D:5      | Killed Duvessa
  3262 | D:5      | Reached skill level 7 in Ranged Weapons
  3262 | D:5      | Reached XP level 7. HP: 2/35 MP: 8/8
  3262 | D:5      | Slain by Dowan

Levels and vault maps discovered:
D:1:      elethiomel_arrival_infinity_welcomes_careful_drivers,
          layout_loops_corners, minmay_surrounded
D:2:      layout_loops_ring, uniq_robin
D:3:      layout_loops_cross, glass_columns_a, minmay_divided_ellipse
D:4:      layout_cave_pools, lemuel_crystal_altar, nicolae_hexahallways,
          uniq_natasha
D:5:      layout_basic, mainiacjoe_overflow_boulevard,
          trog_three_pillars_becter, minmay_temple_entry_sparse_star,
          serial_shops, nicolae_shop_crystal, uniq_menkaure, uniq_duvessa

Skill      XL: |  1  2  3  4  5  6 |
---------------+-------------------+-----
Dodging        | 3 4 5 6 |  6.2
Ranged Weapons | 5 6 7 |  7.3
Fighting       | 2 |  2.0
Stealth        | |  1.5

Action                     |  1- 3 |  4- 6 |  7- 9 || total
---------------------------+-------+-------+-------++-------
   Fire: Shortbow          |    77 |   136 |     1 ||   214
  Evoke: Wand              |       |    23 |       ||    23
    Use: Scroll            |     4 |     6 |       ||    10
         Potion            |       |     1 |       ||     1
 Armour: Robe              |    11 |    35 |     1 ||    47
  Dodge: Dodged            |    13 |    92 |     1 ||   106

Table legend:
 A = Non-vault XP
 B = Vault XP
 C = Vault XP percentage of total XP
 D = Non-vault monster count
 E = Vault monster count
 F = Vault count percentage of total count
                 A         B        C        D         E       F
            +---------+---------+-------+---------+---------+-------
      Total |     392 |     412 |  51.2 |      61 |      29 |  32.2
            +---------+---------+-------+---------+---------+-------
        D:1 |      31 |       5 |  13.9 |      18 |       3 |  14.3
        D:2 |      18 |      33 |  64.7 |      10 |      11 |  52.4
        D:3 |     117 |     189 |  61.8 |      18 |      13 |  41.9
        D:4 |     226 |      36 |  13.7 |      15 |       1 |   6.2
        D:5 |       0 |     149 | 100.0 |       0 |       1 | 100.0
            +---------+---------+-------+---------+---------+-------
